 Dungeon Crawl Stone Soup version 0.27.0-1-g7a089689b8 (webtiles) character file.

Game seed: 14842652233031372263

1068 SweetAndFullOfGrace the Vexing (level 8, -5/54 HPs)
             Began as an Octopode Arcane Marksman on Aug 11, 2021.
             Was a Follower of Okawaru.
             Slain by a centaur (7 damage)
             ... on level 5 of the Dungeon.
             The game lasted 00:57:48 (7170 turns).

SweetAndFullOfGrace the Vexing (OpAM)               Turns: 7170, Time: 00:57:48

Health: -5/54      AC:  1    Str: 12    XL:     8   Next: 28%
Magic:  10/11      EV: 14    Int: 21    God:    Okawaru [*.....]
Gold:   202        SH:  0    Dex: 12    Spells: 3/11 levels left

rFire    + + .     SeeInvis .   b - +2 scimitar (protect)
rCold    . . .     Faith    .   (no shield)
rNeg     + . .     Spirit   .   (helmet restricted)
rPois    .         Reflect  .   (no amulet)
rElec    .         Harm     .   c - +6 ring of intelligence
rCorr    .         Rampage  .   h - ring of protection from fire
Will     .....                  l - ring of positive energy
Stlth    +++.......             w - ring of protection from fire
HPRegen  0.18/turn              (no ring)
MPRegen  0.12/turn              (no ring)
                                (no ring)
                                (no ring)

@: attractive
A: almost no armour, amphibious, 8 rings, camouflage 1, gelatinous body 1,
(nimble swimmer 1), tentacles
a: Renounce Religion, Heroism


You were on level 5 of the Dungeon.
You worshipped Okawaru.
Okawaru was aware of your devotion.
You visited 1 branch of the dungeon, and saw 5 of its levels.

You collected 202 gold pieces.

Inventory:

Hand Weapons
 a - a +3 dagger
 b - a +2 scimitar of protection (weapon)
 e - a +0 dagger
 p - a +0 shortbow
 s - a +0 trident
 y - a +0 short sword of electrocution
 C - a +2 trident
 D - a +4 falchion
Missiles
 f - 118 stones (quivered)
 g - 20 poisoned darts
 r - 3 boomerangs of dispersal
 u - 3 javelins
 B - 3 throwing nets
Jewellery
 c - a +6 ring of intelligence (left tentacle)
 h - a ring of protection from fire (right tentacle)
 l - a ring of positive energy (on tentacle)
 w - a ring of protection from fire (on tentacle)
Wands
 q - a wand of digging (10)
 v - a wand of flame (14)
Scrolls
 d - a scroll of teleportation
 j - a scroll of vulnerability
 k - a scroll of blinking {unknown}
 t - a scroll of amnesia {unknown}
 A - a scroll of enchant weapon {unknown}
Potions
 m - a potion of heal wounds {unknown}
 n - a potion of mutation {unknown}
 o - a potion of berserk rage {unknown}
 x - a potion of magic {unknown}
 z - a potion of attraction


   Skills:
 + Level 4.0 Fighting
 - Level 1.5(1.8) Short Blades
 * Level 1.3(1.7) Long Blades
 + Level 4.3 Throwing
 + Level 3.8 Dodging
 + Level 4.2 Stealth
 - Level 2.0 Spellcasting
 - Level 4.5 Hexes
 + Level 2.2 Translocations
 + Level 2.4 Invocations


You had 3 spell levels left.
You knew the following spells:

 Your Spells              Type           Power      Damage    Failure   Level
a - Corona                Hex            23%        N/A       2%          1
b - Slow                  Hex            21%        N/A       3%          2
c - Blink                 Tloc           N/A        N/A       9%          2
d - Portal Projectile     Hex/Tloc       32%        N/A       11%         3

Your spell library contained the following spells:

 Spells                   Type           Power      Damage    Failure   Level
 Inner Flame              Hex/Fire       11%        N/A       17%         3
 Cause Fear               Hex            10%        N/A       22%         4
 Manifold Assault         Tloc           11%        N/A       86%         5
 Storm Form               Tmut/Air       1%         N/A       100%        7


Dungeon Overview and Level Annotations

Branches:
Dungeon (5/15)             Temple (0/1) D:5

Altars:
Gozag
Okawaru
Yredelemnul

Annotations:
D:5 exclusions: ice beast and ogre


Innate Abilities, Weirdness & Mutations

You cannot wear most types of armour.
You are amphibious.
You can wear up to eight rings at the same time.
Your skin changes colour to match your surroundings (Stealth+).
Your rubbery body absorbs attacks. (AC +1, EV +1)
((You are camouflaged near water. (Stealth+)))
You have tentacles for arms and can constrict up to eight enemies at once.


Message History

* * * LOW HITPOINT WARNING * * *
The centaur kicks you but does no damage.
You feel better.
The centaur hits you but does no damage.
The centaur barely misses you.
Okay, then.
Unknown command.
You closely miss the centaur.
The centaur is heavily wounded.
The centaur hits you with a +0 long sword.
* * * LOW HITPOINT WARNING * * *
The centaur kicks you but does no damage.
The centaur closely misses you.
You riposte.
You closely miss the centaur.
The centaur is heavily wounded.
The centaur closely misses you.
You barely miss the centaur.
The centaur is heavily wounded.
The centaur misses you.
The centaur kicks you but does no damage.
The centaur misses you.
The centaur kicks you but does no damage.
You hit the centaur.
The centaur is severely wounded.
The centaur hits you with a +0 long sword.
* * * LOW HITPOINT WARNING * * *
The centaur kicks you but does no damage.
The centaur misses you.
The centaur kicks you but does no damage.
You barely miss the centaur.
The centaur is severely wounded.
The centaur completely misses you. The centaur kicks you.
* * * LOW HITPOINT WARNING * * *
The centaur hits you with a +0 long sword.
* * * LOW HITPOINT WARNING * * *
The centaur closely misses you.
It was a potion of attraction.
You feel attractive to monsters. The centaur barely misses you.
The centaur misses you.
The centaur hits you with a +0 long sword!
You die...

######## #......# #
.##########......#Z#.#
>...............@cY..#
########.........#......
...................#.#.#
.............[.........
...)...........#####.#####
......##.................# #
#....###.......#####.....##.#
##..###..###...........#....#
######...###........#.###...#


You could see an ice beast, a centaur and a water moccasin skeleton.

Vanquished Creatures
  An orc warrior (D:4)
  An ogre (D:3)
  A necrophage (D:4)
  4 scorpions
  A water moccasin zombie (D:4)
  3 wights (D:4)
  A human zombie (D:4)
  A hound (D:5)
  An orc priest (D:4)
  Natasha (thrice) (D:3)
  An orc wizard (D:4)
  A scorpion zombie (D:4)
  A hound zombie (D:4)
  2 mummies (D:4)
  3 gnolls (D:4)
  3 adders (D:4)
  2 adder zombies (D:4)
  2 worms
  2 dart slugs (D:1)
  7 orcs
  5 endoplasms
  4 hobgoblins
  4 jackals (D:2)
  7 kobolds
  A quokka (D:4)
  10 ball pythons
  4 bats
  4 frilled lizards
  9 goblins
89 creatures vanquished.

Notes
Turn   | Place    | Note
-------+----------+-------------------------------------------
     0 | D:1      | SweetAndFullOfGrace the Octopode Arcane Marksman began the
                  | quest for the Orb.
     0 | D:1      | Reached XP level 1. HP: 13/13 MP: 2/2
   507 | D:1      | Reached XP level 2. HP: 18/18 MP: 3/3
   510 | D:1      | Learned a level 2 spell: Slow
   874 | D:1      | You fall into a shaft and drop 1 floor!
  1678 | D:1      | Reached XP level 3. HP: 17/23 MP: 1/4
  2980 | D:3      | Noticed an ogre
  3484 | D:3      | Noticed Natasha
  3491 | D:3      | Killed Natasha
  3492 | D:3      | Reached skill level 2 in Fighting
  3492 | D:3      | Reached skill level 3 in Throwing
  3492 | D:3      | Reached XP level 4. HP: 29/29 MP: 4/6
  3558 | D:3      | Found a faded altar of an unknown god.
  3602 | D:3      | Noticed Natasha
  3608 | D:3      | Killed Natasha
  3609 | D:3      | Reached skill level 1 in Stealth
  3648 | D:3      | Noticed Natasha
  3661 | D:3      | Killed Natasha
  3662 | D:3      | Reached XP level 5. HP: 16/35 MP: 3/7
  4198 | D:3      | Killed an ogre
  4199 | D:3      | Reached skill level 3 in Fighting
  4199 | D:3      | Reached skill level 2 in Stealth
  4865 | D:4      | Reached XP level 6. HP: 42/42 MP: 3/8
  4868 | D:4      | Learned a level 2 spell: Blink
  4872 | D:4      | Learned a level 3 spell: Portal Projectile
  5094 | D:4      | Reached skill level 2 in Spellcasting
  5222 | D:4      | Found an iron altar of Okawaru.
  5241 | D:4      | Became a worshipper of Warmaster Okawaru
  5481 | D:4      | Noticed an orc warrior
  5589 | D:4      | Killed an orc warrior
  5590 | D:4      | Reached skill level 3 in Dodging
  5717 | D:4      | Reached skill level 1 in Short Blades
  5805 | D:4      | Reached * piety under Okawaru
  5806 | D:4      | Reached skill level 1 in Translocations
  5806 | D:4      | Reached skill level 1 in Invocations
  5806 | D:4      | Reached XP level 7. HP: 32/46 MP: 5/10
  5977 | D:4      | Reached skill level 3 in Stealth
  6078 | D:4      | Reached skill level 4 in Hexes
  6249 | D:4      | Reached skill level 4 in Throwing
  6482 | D:4      | Reached skill level 2 in Invocations
  6500 | D:4      | Found a basalt altar of Yredelemnul.
  6510 | D:4      | Reached XP level 8. HP: 32/54 MP: 11/11
  6692 | D:5      | Entered Level 5 of the Dungeon
  6846 | D:5      | Reached skill level 4 in Stealth
  6846 | D:5      | Reached skill level 2 in Translocations
  6874 | D:5      | Found an opulent altar of Gozag.
  6954 | D:5      | Reached skill level 1 in Long Blades
  7024 | D:5      | Reached skill level 4 in Fighting
  7060 | D:5      | Found a staircase to the Ecumenical Temple.
  7164 | D:5      | HP: 5/54 [centaur (11)]
  7169 | D:5      | HP: 2/54 [centaur (5)]
  7170 | D:5      | Slain by a centaur

Illustrated notes

Levels and vault maps discovered:
D:1:      minmay_arrival_wavy_path, layout_basic, minmay_vboxes
D:2:      layout_loops_ring
D:3:      layout_basic, shapermc_ecumenical_altar_mp_vishouse, uniq_natasha
D:4:      layout_rooms, kennysheep_okawaru_gauntlet,
          lemuel_mausoleum_altar_yredelemnul
D:5:      layout_basic, nicolae_gozag_cash_rules_everything_around_me,
          minmay_temple_entry_wispy, minivault_19, uniq_prince_ribbit1

Skill      XL: |  1  2  3  4  5  6  7  8 |
---------------+-------------------------+-----
Fighting       | 2 3 4 |  4.0
Throwing       | 3 4 |  4.3
Stealth        | 1 2 3 4 |  4.2
Spellcasting   | 2 |  2.0
Dodging        | 3 |  3.8
Short Blades   | 1 |  1.5
Translocations | 1 2 |  2.2
Invocations    | 1 2 |  2.4
Hexes          | 4 |  4.5
Long Blades    | 1 |  1.3

Action                   |  1- 3 |  4- 6 |  7- 9 || total
-------------------------+-------+-------+-------++-------
Melee: Dagger            |    54 |    36 |    21 ||   111
       Tentacles         |    10 |     6 |     8 ||    24
       Constrict         |     9 |    10 |    14 ||    33
       Scimitar          |       |       |    27 ||    27
       Short sword       |       |       |     5 ||     5
Throw: Stone             |    44 |    22 |     4 ||    70
       Javelin           |     3 |     5 |       ||     8
       Dart              |    11 |    82 |    29 ||   122
 Cast: Corona            |     3 |     8 |     1 ||    12
       Slow              |    15 |    33 |    18 ||    66
  Use: Scroll            |       |       |     3 ||     3
       Potion            |       |       |     2 ||     2
 Stab: Sleeping          |     7 |       |     8 ||    15
Armor: Skin              |     3 |     1 |     7 ||    11
Dodge: Dodged            |    16 |    32 |    44 ||    92
       Rpst.: Scimitar   |       |       |     4 ||     4

Table legend: (Time is in decaauts)
 A = Elapsed time spent in this place.
 B = Non-inter-level travel time spent in this place.
 C = Inter-level travel time spent in this place.
 D = Time resting spent in this place.
 E = Time spent auto-exploring this place.
 F = Levels seen in this place.
 G = Mean time per level.
                   A        B        C        D        E       F      G
               +--------+--------+--------+--------+--------+-----+--------+
         Total |   7155 |   6757 |    398 |   1118 |   4102 |   5 | 1431.0 |
       Dungeon |   7155 |   6757 |    398 |   1118 |   4102 |   5 | 1431.0 |
               +--------+--------+--------+--------+--------+-----+--------+

Top non-repeatable levels by time:
     D:4: 2161 daAuts
     D:1: 1750 daAuts
     D:3: 1596 daAuts
     D:2: 1201 daAuts
     D:5: 446 daAuts

Table legend:
 A = Non-vault XP
 B = Vault XP
 C = Vault XP percentage of total XP
 D = Non-vault monster count
 E = Vault monster count
 F = Vault count percentage of total count
                 A         B        C        D         E       F
            +---------+---------+-------+---------+---------+-------
      Total |     966 |     561 |  36.7 |      71 |      18 |  20.2
            +---------+---------+-------+---------+---------+-------
        D:1 |      27 |       5 |  15.6 |      15 |       3 |  16.7
        D:2 |      21 |       0 |   0.0 |      13 |       0 |   0.0
        D:3 |     215 |      35 |  14.0 |      13 |       1 |   7.1
        D:4 |     396 |     521 |  56.8 |      22 |      14 |  38.9
        D:5 |     307 |       0 |   0.0 |       8 |       0 |   0.0
            +---------+---------+-------+---------+---------+-------
